 Dungeon Crawl Stone Soup version 0.20.1-1-g8b1a95d (webtiles) character file.

1728 toffzen the Proselytiser (level 9, -12/112 HPs)
             Began as a Hill Orc Monk on Oct 27, 2017.
             Was a Follower of Beogh.
             Mangled by Pikel
             ... wielding a +1 whip of electrocution
              (20 damage)
             ... on level 6 of the Dungeon.
             The game lasted 00:16:53 (7445 turns).

toffzen the Proselytiser (Hill Orc Monk)            Turns: 7445, Time: 00:16:54

Health: -12/112    AC: 24    Str: 17    XL:     9   Next: 5%
Magic:  16/16      EV:  2    Int: 10    God:    Beogh [*.....]
Gold:   334        SH:  0    Dex: 13    Spells: 8/8 levels left

rFire    . . .     SeeInvis .   a - +0 hand axe
rCold    . . .     Gourm    .   (no shield)
rNeg     + + +     Faith    .   (armour currently unavailable)
rPois    +         Spirit   .   (helmet currently unavailable)
rElec    .         Reflect  .   (cloak currently unavailable)
rCorr    .         Harm     .   (gloves currently unavailable)
MR       .....     NoTele   +   (boots currently unavailable)
Stlth    ++........             (no amulet)
Regen    0.3/turn               w - ring of wizardry
MPRegen  0.2/turn               L - ring of poison resistance

@: tree-form
A: no striking features
a: Renounce Religion


You were on level 6 of the Dungeon.
You worshipped Beogh.
Beogh was aware of your devotion.
You were not hungry.
You were a tree.
You visited 1 branch of the dungeon, and saw 6 of its levels.

You collected 334 gold pieces.

Inventory:

Hand Weapons
 a - a +0 hand axe (weapon)
 t - a +0 hunting sling
 J - the +7 Singing Sword
   (You found it on level 5 of the Dungeon)
 K - a cursed -2 hand axe
Missiles
 d - 45 sling bullets
 e - 143 stones (quivered)
Armour
 b - a +0 robe
 l - a +2 pair of boots (melded)
 u - a +0 ring mail (melded)
 D - a +0 pair of gloves (melded)
Jewellery
 w - a ring of wizardry (left branch)
 L - a ring of poison resistance (right branch)
Scrolls
 f - a scroll of recharging {unknown}
 o - 3 scrolls of remove curse {unknown}
 q - a scroll of blinking {unknown}
 r - a scroll of fear {unknown}
 s - a scroll of immolation {unknown}
 v - a scroll of teleportation {unknown}
 y - 2 scrolls of amnesia {unknown}
 C - a scroll of enchant weapon {unknown}
 G - 2 scrolls of identify
Potions
 h - a potion of agility {unknown}
 i - a potion of berserk rage
 j - a potion of mutation {unknown}
 k - a potion of resistance
 m - a potion of degeneration {unknown}
 n - a potion of magic {unknown}
 p - a potion of lignification
 x - a potion of haste {unknown}
 z - 2 potions of flight {unknown}
 A - a potion of ambrosia {unknown}
 B - a potion of heal wounds {unknown}
 H - a potion of brilliance {unknown}
 I - a potion of curing
Books
 F - a book of Minor Magic

   Spells                             Type                      Level
   a - Magic Dart                     Conjuration                  1
   b - Blink                          Translocation                2
   c - Call Imp                       Summoning                    2
   d - Slow                           Hexes                        2
   e - Conjure Flame                  Conjuration/Fire             3
   f - Mephitic Cloud                 Conjuration/Poison/Air       3
Comestibles
 c - 5 bread rations
 g - 3 royal jellies
 E - 3 fruits


   Skills:
 + Level 5.9 Fighting
 + Level 6.9 Axes
 + Level 4.0 Armour
 + Level 4.0 Dodging
 - Level 1.5 Stealth
 - Level 10.1 Invocations


You had 8 spell levels left.
You didn't know any spells.

Dungeon Overview and Level Annotations

Branches:
Dungeon (6/15)
 Temple: D:4-7

Altars:
Cheibriados
Kikubaaqudgha
Sif Muna
Xom
The Shining One

Annotations:
D:6 Dowan, Duvessa, Pikel


Message History

Pikel is moderately wounded.
Pikel hits you but does no damage.
You hit Pikel.
Pikel is moderately wounded.
Pikel hits you but does no damage.
You are electrocuted!
* * * LOW HITPOINT WARNING * * *
You barely miss Pikel.
Pikel is moderately wounded.
Pikel says, "You'll fetch a fair price!"
Pikel hits you but does no damage.
You are electrocuted!
* * * LOW HITPOINT WARNING * * *
A slave comes into view.
The slave shouts!
You hit Pikel.
Pikel is heavily wounded.
Pikel drinks a potion.
Pikel is healed!
You hit Pikel.
Pikel is moderately wounded.
Pikel hits you but does no damage.
You are electrocuted!
You die...

#.. #.# ### #.# ... #.# #.#
#.# #.# #.# #.# ##### #.#
#.#
....#####.######.########
........[(p[.peKā™£.......#
....##########.#^#####.##
....# #.#.# #.# )...# #.#.#
#.# ....# #.#.# #.# ....#
#.#.# #.# ....# #.#.# #.#
....# #.#.#####.#
##############.# #.....#


You could see Pikel, 2 slaves and Dowan.

Vanquished Creatures
  The ghost of Frank the Skirmisher, an amateur OpFi (D:3)
  A sky beast (D:6)
  2 slaves (D:6)
  2 phantoms
  3 centaurs (D:5)
  A bullfrog (D:6)
  7 scorpions
  A water moccasin skeleton (D:5)
  A howler monkey (D:5)
  A crimson imp (D:5)
  2 hounds (D:4)
  A centaur skeleton (D:4)
  An iguana (D:5)
  2 orc wizards
  3 worker ants
  2 hound zombies (D:4)
  2 worker ant zombies (D:4)
  13 adders
  2 shadow imps (D:5)
  2 oozes
  3 adder zombies (D:4)
  An adder skeleton (D:4)
  2 dart slugs
  4 worms
  4 leopard geckos
  22 orcs
  14 bats
  3 giant cockroaches
  13 goblins
  5 hobgoblins
  2 jackals (D:5)
  2 quokkas
  2 ball pythons
  A ball python skeleton (D:6)
  5 frilled lizards
  A giant cockroach zombie (D:4)
  9 kobolds
  A quokka skeleton (D:4)
  2 quokka zombies (D:4)
  12 rats
  A fungus (D:5)
159 creatures vanquished.

Vanquished Creatures (others)
  A worker ant zombie (D:4)
  An adder (D:4)
  An orc (D:4)
  11 fungi (D:5)
14 creatures vanquished.

Grand Total: 173 creatures vanquished

Notes
Turn   | Place    | Note
-------+----------+-------------------------------------------
     0 | D:1      | toffzen the Hill Orc Monk began the quest for the Orb.
     0 | D:1      | Reached XP level 1. HP: 19/19 MP: 1/1
   111 | D:1      | Reached XP level 2. HP: 27/27 MP: 2/2
   726 | D:1      | Reached skill level 1 in Armour
   726 | D:1      | Reached XP level 3. HP: 26/33 MP: 3/3
  1447 | D:2      | Reached XP level 4. HP: 29/41 MP: 4/4
  1998 | D:2      | Reached skill level 5 in Axes
  2397 | D:3      | Reached XP level 5. HP: 42/47 MP: 5/5
  2547 | D:3      | Noticed Frank's ghost (amateur OpFi)
  2718 | D:3      | Killed Frank's ghost
  2718 | D:3      | Reached XP level 6. HP: 48/55 MP: 6/6
  2798 | D:3      | Found a glowing golden altar of the Shining One.
  3049 | D:3      | Reached skill level 5 in Fighting
  3799 | D:4      | Found a snail-covered altar of Cheibriados.
  3853 | D:4      | Reached XP level 7. HP: 61/61 MP: 7/7
  4096 | D:4      | Became a worshipper of Beogh the Brigand
  4096 | D:4      | Reached * piety under Beogh
  4096 | D:4      | Reached ** piety under Beogh
  4189 | D:4      | Found a deep blue altar of Sif Muna.
  4524 | D:4      | Found a bloodstained altar of Trog.
  4526 | D:4      | Found a sparkling altar of Nemelex Xobeh.
  4526 | D:4      | Found a shimmering altar of Xom.
  4528 | D:4      | Found a stormy altar of Qazlal.
  4528 | D:4      | Found a sparkling altar of Nemelex Xobeh.
  4528 | D:4      | Found a white marble altar of Elyvilon.
  4732 | D:5      | Entered Level 5 of the Dungeon
  4774 | D:5      | Found an ancient bone altar of Kikubaaqudgha.
  4801 | D:5      | Reached skill level 2 in Invocations
  4935 | D:5      | Reached skill level 3 in Invocations
  5024 | D:5      | Reached skill level 4 in Invocations
  5024 | D:5      | Reached XP level 8. HP: 65/70 MP: 9/11
  5128 | D:5      | Reached skill level 5 in Invocations
  5699 | D:5      | Reached skill level 6 in Invocations
  5902 | D:5      | Reached skill level 7 in Invocations
  6269 | D:5      | Reached skill level 8 in Invocations
  6794 | D:6      | Reached skill level 9 in Invocations
  7062 | D:6      | Reached skill level 10 in Invocations
  7062 | D:6      | Reached XP level 9. HP: 51/75 MP: 12/16
  7342 | D:6      | Noticed Dowan
  7392 | D:6      | Noticed Pikel
  7393 | D:6      | Noticed Duvessa
  7445 | D:6      | Mangled by Pikel

Skill      XL: |  1  2  3  4  5  6  7  8 |
---------------+-------------------------+-----
Fighting       | 4 5 |  5.9
Armour         | 1 2 3 4 |  4.0
Axes           | 5 6 |  6.9
Dodging        | 3 4 |  4.0
Invocations    | 4 10 | 10.1
Stealth        | |  1.5

Action                   |  1- 3 |  4- 6 |  7- 9 || total
-------------------------+-------+-------+-------++-------
Melee: Hand axe          |   128 |   290 |   502 ||   920
Throw: Stone             |    12 |     9 |    15 ||    36
Invok: Convert to Beogh  |       |       |     1 ||     1
       Smiting           |       |       |     6 ||     6
  Use: Scroll            |       |     3 |     1 ||     4
       Potion            |       |     1 |     2 ||     3
 Stab: Sleeping          |     2 |       |       ||     2
  Eat: Chunk             |     2 |     7 |     5 ||    14
       Fruit             |       |     1 |       ||     1
       Meat ration       |       |       |     1 ||     1
       Bread ration      |       |       |     1 ||     1
Armor: Robe              |    33 |     5 |       ||    38
       Ring mail         |       |    90 |   181 ||   271
       Skin              |       |       |    36 ||    36
Dodge: Dodged            |    94 |   182 |   222 ||   498
